 Dungeon Crawl Stone Soup version 0.21-a0-142-gdd972a7 (webtiles) character file.

2553 FlipFlopFox the Cleaver (level 9, -4/81 HPs)
             Began as a Hill Orc Fighter on July 22, 2017.
             Was an Initiate of Kikubaaqudgha.
             Slain by a centaur (6 damage)
             ... on level 6 of the Dungeon.
             The game lasted 00:16:37 (8286 turns).

FlipFlopFox the Cleaver (Hill Orc Fighter)          Turns: 8286, Time: 00:16:37

Health: -4/81      AC: 14    Str: 19    XL:     9   Next: 56%
Magic:  9/9        EV:  8    Int:  9    God:    Kikubaaqudgha [......]
Gold:   300        SH:  9    Dex: 17    Spells: 8/8 levels left

rFire    . . .     SeeInvis .   i - +0 hand axe (pain)
rCold    . . .     Gourm    .   c - +0 shield
rNeg     . . .     Faith    .   b - +0 scale mail
rPois    .         Spirit   .   w - +0 helmet
rElec    .         Reflect  .   B - +2 cloak
rCorr    .         Harm     .   (no gloves)
MR       .....                  E - +1 pair of boots
Stlth    ..........             (no amulet)
HPRegen  0.23/turn              q - +5 ring of dexterity
MPRegen  0.11/turn              (no ring)

@: no status effects
A: no striking features
a: Renounce Religion


You were on level 6 of the Dungeon.
You worshipped Kikubaaqudgha.
Kikubaaqudgha was noncommittal.
You were not hungry.

You visited 2 branches of the dungeon, and saw 7 of its levels.

You collected 300 gold pieces.

Inventory:

Hand Weapons
 a - a +0 war axe
 i - a +0 hand axe of pain (weapon)
 p - a +0 battleaxe
Missiles
 j - 2 throwing nets
 o - 112 stones (quivered)
Armour
 b - a +0 scale mail (worn)
 c - a +0 shield (worn)
 k - a +0 large shield
 t - a scarf of repulsion
 v - a +0 plate armour
 w - a +0 helmet (worn)
 y - a +0 cloak
 B - a +2 cloak (worn)
 C - a +0 leather armour
 E - a +1 pair of boots (worn)
Jewellery
 q - a +5 ring of dexterity (left hand)
 r - an uncursed ring of fire {unknown}
Wands
 d - a wand of random effects (31/48)
 z - a wand of random effects (31/48)
 D - a wand of flame (19/48)
 G - a wand of flame (15/48)
Scrolls
 e - 2 scrolls of enchant weapon
 h - 6 scrolls of remove curse
 l - 3 scrolls of amnesia
Potions
 g - a potion of haste
 m - 4 potions of lignification
 s - 2 potions of brilliance
 u - a potion of cancellation
 x - 3 potions of mutation
 A - a potion of degeneration
Comestibles
 f - 2 bread rations
 n - 3 chunks of flesh


   Skills:
 + Level 7.9 Fighting
 * Level 11.9 Axes
 + Level 6.8 Armour
 - Level 1.0 Dodging
 - Level 3.2 Shields
 + Level 2.8 Necromancy


You had 8 spell levels left.
You didn't know any spells.

Dungeon Overview and Level Annotations

Branches:
Dungeon (6/15)             Temple (1/1) D:5

Altars:
Ashenzari
Dithmenos
Elyvilon
Fedhas
Gozag
Hepliaklqana
Kikubaaqudgha
Makhleb
Nemelex Xobeh
Okawaru
Qazlal
Sif Muna
Trog
Uskayaw
Wu Jian
Xom
Yredelemnul
Zin
The Shining One


Message History

The centaur hits you!
* * * LOW HITPOINT WARNING * * *
You barely miss the centaur.
The centaur is lightly wounded.
The centaur hits you but does no damage.
The centaur hits you.
* * * LOW HITPOINT WARNING * * *
An orc comes into view. It is wielding a dagger.
The orc shouts!
You hit the centaur.
The centaur writhes in agony.
The centaur is heavily wounded.
The centaur hits you.
* * * LOW HITPOINT WARNING * * *
Unknown command.
Unknown command.
You barely miss the centaur.
The centaur is moderately wounded.
The centaur hits you.
You die...
Kikubaaqudgha rasps: "You have failed me!
Welcome... death!"

..... #.. ....# ..... #...
c..# ..... ....# ##..#
#.... .....# #.o# #...
#....### ##..# ..
#....###.(.# #......##
#........##
#.......#######(c.....#
#...............@###......
#...........(..(.# ##.....
................## #.....
...............## #....
..............#######......
..........................
##......................)..
###...........)..........#
# ###....................#


You could see a centaur and an orc.

Vanquished Creatures
  Pikel (D:5)
  The ghost of tilp the Firebug, a novice HOFE of Okawaru (D:6)
  The ghost of Gruesome the Insei, an amateur OpTm (D:4)
  Edmund (D:6)
  2 orc warriors (D:6)
  An ogre (D:6)
  A centaur (D:5)
  3 scorpions
  2 howler monkeys
  2 crimson imps
  5 orc wizards
  Crazy Yiuf (D:4)
  2 orc priests (D:6)
  A gnoll shaman (D:4)
  4 hounds
  A bullfrog skeleton (D:5)
  2 iguanas
  4 worker ants
  3 gnolls (D:4)
  A howler monkey skeleton (D:4)
  3 adders
  A shadow imp (D:5)
  An adder skeleton (D:6)
  4 worms
  A dart slug (D:2)
  4 leopard geckos
  29 orcs
  11 bats
  3 giant cockroaches
  11 goblins
  15 hobgoblins
  10 jackals
  4 quokkas
  A ball python (D:1)
  4 frilled lizards
  11 kobolds
  A leopard gecko skeleton (D:4)
  9 rats
162 creatures vanquished.

Vanquished Creatures (others)
  A scorpion (D:5)
  An orc wizard (D:4)
  A giant cockroach (D:5)
3 creatures vanquished.

Grand Total: 165 creatures vanquished

Notes
Turn   | Place    | Note
-------+----------+-------------------------------------------
     0 | D:1      | FlipFlopFox the Hill Orc Fighter began the quest for the Orb.
     0 | D:1      | Reached XP level 1. HP: 19/19 MP: 1/1
    31 | D:1      | Reached skill level 3 in Axes
    72 | D:1      | Reached XP level 2. HP: 26/26 MP: 2/2
   194 | D:1      | Reached skill level 4 in Axes
   419 | D:1      | Reached XP level 3. HP: 30/31 MP: 3/3
  1132 | D:2      | Reached skill level 1 in Dodging
  1134 | D:2      | Reached skill level 5 in Axes
  1354 | D:2      | Reached XP level 4. HP: 37/39 MP: 4/4
  1760 | D:2      | Found a shimmering altar of Xom.
  2407 | D:3      | Reached XP level 5. HP: 41/46 MP: 5/5
  2424 | D:3      | Reached skill level 6 in Axes
  3099 | D:4      | Noticed a dagger
  3099 | D:4      | Noticed a dagger
  3102 | D:4      | Found a hide-covered altar of Uskayaw.
  3163 | D:4      | Reached XP level 6. HP: 53/53 MP: 6/6
  3168 | D:4      | Reached skill level 7 in Axes
  3254 | D:4      | Found a runed door.
  3375 | D:4      | Reached skill level 5 in Fighting
  3410 | D:4      | Noticed Gruesome's ghost (amateur OpTm)
  3661 | D:4      | Killed Gruesome's ghost
  3661 | D:4      | Reached skill level 8 in Axes
  3661 | D:4      | Reached XP level 7. HP: 53/61 MP: 7/7
  3946 | D:4      | Found a shattered altar of Ashenzari.
  3946 | D:4      | Found a faded altar of an unknown god.
  3951 | D:4      | Found a faded altar of an unknown god.
  3953 | D:4      | Found a hazy altar of Hepliaklqana.
  4562 | D:4      | Found a stormy altar of Qazlal.
  4850 | D:4      | Noticed Crazy Yiuf
  4857 | D:4      | Killed Crazy Yiuf
  4978 | D:5      | Entered Level 5 of the Dungeon
  5018 | D:5      | Reached skill level 9 in Axes
  5127 | D:5      | Found a burning altar of Makhleb.
  5190 | D:5      | Noticed Pikel
  5224 | D:5      | Killed Pikel
  5224 | D:5      | Reached skill level 10 in Axes
  5224 | D:5      | Reached skill level 5 in Armour
  5224 | D:5      | Reached XP level 8. HP: 22/71 MP: 8/8
  5637 | D:5      | Found a staircase to the Ecumenical Temple.
  5694 | Temple   | Entered the Ecumenical Temple
  5776 | Temple   | Became a worshipper of Kikubaaqudgha
  5997 | D:5      | Found a sparkling altar of Nemelex Xobeh.
  6134 | D:5      | Reached skill level 1 in Necromancy
  6411 | D:6      | Noticed Edmund
  6437 | D:6      | Killed Edmund
  6488 | D:6      | Reached skill level 11 in Axes
  6488 | D:6      | Reached XP level 9. HP: 70/79 MP: 9/9
  6552 | D:6      | Noticed tilp's ghost (novice HOFE)
  7436 | D:6      | Killed tilp's ghost
  8285 | D:6      | HP: 2/81 [centaur (6)]
  8286 | D:6      | Slain by a centaur

Vault maps used:
D:1:      ncdulo_watergridlock
D:2:      lemuel_round_altar, first_bread, serial_bayou_pond_d
D:3:      cheibrodos_helix_gallery, minmay_surrounded
D:4:      dancing_weapons_uskayaw, chequers_temple_overflow_minitemple,
          uniq_crazy_yiuf_cottage
D:5:      makhleb_grotto_becter, overflow_temple_1_default, temple_hall,
          kennysheep_crisscross, nicolae_sextant, uniq_pikel
D:6:      lemuel_crystal_altar, uniq_edmund
Temple:   minmay_temple_bridge_abc

Skill      XL: |  1  2  3  4  5  6  7  8  9 |
---------------+----------------------------+-----
Axes           | 3 4 5 6 8 10 11 | 11.9
Dodging        | 1 |  1.0
Fighting       | 4 5 6 7 |  7.9
Armour         | 4 5 6 |  6.8
Necromancy     | 1 2 |  2.8
Shields        | |  3.2

Action                   |  1- 3 |  4- 6 |  7- 9 || total
-------------------------+-------+-------+-------++-------
Melee: War axe           |    72 |       |       ||    72
       Hand axe          |    68 |   284 |   440 ||   792
  Use: Scroll            |     3 |     6 |     7 ||    16
       Potion            |       |     3 |     6 ||     9
  Eat: Chunk             |     2 |     6 |     5 ||    13
       Royal jelly       |       |     1 |       ||     1
       Meat ration       |       |       |     1 ||     1
       Bread ration      |       |       |     1 ||     1
Armor: Scale mail        |    70 |   140 |   154 ||   364
Dodge: Dodged            |    55 |    80 |   100 ||   235
       Deflected         |       |       |     1 ||     1
Block: Shield            |    61 |   157 |   142 ||   360
